 Dungeon Crawl Stone Soup version 0.22.0-75-g3901e79 (webtiles) character file.

1970 Fang the Chopper (level 9, -1/55 HPs)
             Began as a Gargoyle Berserker on Sept 14, 2018.
             Was an Elder of Trog.
             Engulfed by a steam dragon's steam (4 damage)
             ... on level 7 of the Dungeon.
             The game lasted 00:06:30 (6487 turns).

Fang the Chopper (Gargoyle Berserker)               Turns: 6487, Time: 00:06:31

Health: -1/55      AC:  9    Str: 25    XL:     9   Next: 20%
Magic:  9/9        EV: 13    Int:  7    God:    Trog [****..]
Gold:   346        SH:  0    Dex:  9    Spells: 8/8 levels left

rFire    . . .     SeeInvis .   j - +6 hand axe (chop)
rCold    . . .     Gourm    .   (no shield)
rNeg     + . .     Faith    +   b - +1 animal skin
rPois    ∞         Spirit   .   (no helmet)
rElec    +         Reflect  .   (no cloak)
rCorr    .         Harm     .   (no gloves)
MR       .....                  (no boots)
Stlth    ++........             f - amulet of faith
HPRegen  0.18/turn              (no ring)
MPRegen  0.11/turn              (no ring)

@: no status effects
A: negative energy resistance 1, electricity resistance, unbreathing,
petrification resistance, rot immunity, AC +6
a: Berserk, Trog's Hand, Brothers in Arms, Renounce Religion


You were on level 7 of the Dungeon.
You worshipped Trog.
Trog was greatly pleased with you.
You were hungry.

You visited 2 branches of the dungeon, and saw 8 of its levels.

You collected 346 gold pieces.

Inventory:

Hand Weapons
 a - a +0 hand axe
 j - a +6 hand axe of chopping (weapon)
Armour
 b - a +1 animal skin (worn)
Jewellery
 f - an amulet of faith (around neck)
 q - an uncursed amulet of harm {unknown}
Wands
 e - a wand of polymorph (17)
 s - a wand of iceblast (17)
 v - a wand of paralysis (12)
Scrolls
 d - 2 scrolls of remove curse
 i - 2 scrolls of teleportation
 k - a scroll of blinking
Potions
 g - a potion of ambrosia
 l - a potion of cancellation {unknown}
 n - 5 potions of curing
 o - a potion of might
 r - a potion of brilliance {unknown}
 u - 3 potions of haste {unknown}
 w - 4 potions of flight
 x - a potion of heal wounds
Comestibles
 c - 7 rations


   Skills:
 + Level 5.8 Fighting
 + Level 7.8 Axes
 + Level 3.9 Armour
 + Level 4.6 Dodging
 + Level 4.7 Stealth


You had 8 spell levels left.
You didn't know any spells.
Your spell library was empty.

Dungeon Overview and Level Annotations

Branches:
Dungeon (7/15)             Temple (1/1) D:4

Altars:
Ashenzari
Elyvilon
Kikubaaqudgha
Makhleb
Ru
Uskayaw
Vehumet
Wu Jian
Yredelemnul
The Shining One

Shops:
D:5 }   D:6 }[}[=


Innate Abilities, Weirdness & Mutations

You are resistant to torment.
Your stone body is resilient. (AC +6)
You are immune to poison.
You resist negative energy. (rN+)
You are resistant to electric shocks. (rElec)
You can survive without breathing.
You are immune to petrification.
You are immune to rotting.


Message History

The steam dragon is lightly wounded.
The steam dragon barely misses you. The steam dragon misses you.
You are feeling hungry.
You closely miss the steam dragon.
The steam dragon is lightly wounded.
The steam dragon breathes steam at you. The ball of steam hits you!
* * * LOW HITPOINT WARNING * * *
You hit the steam dragon.
The steam dragon is lightly wounded.
You are engulfed in a cloud of scalding steam.
* * * LOW HITPOINT WARNING * * *
The steam dragon bites you.
* * * LOW HITPOINT WARNING * * *
The steam dragon barely misses you.
Unknown command.
You closely miss the steam dragon.
The steam dragon is lightly wounded.
You are engulfed in a cloud of scalding steam.
You die...

.......#+# .......#.#
.........## #######...#
#.#.## #.#..# .
........##.## ...
##########..#######.....
..........§§@Do.....
....###.#.####.##### .##
......< # #.##..### #.
#..# # #..# #... ##.#


You could see a steam dragon and an orc warrior.

Vanquished Creatures
  A hippogriff (D:7)
  2 orc warriors (D:7)
  2 sky beasts (D:6)
  3 ogres
  A phantom (D:6)
  A centaur (D:6)
  A bullfrog (D:7)
  A gnoll sergeant (D:6)
  A scorpion (D:4)
  3 crimson imps
  2 hounds
  3 bullfrog skeletons
  5 orc priests
  3 orc wizards
  2 iguanas
  3 worker ants
  2 hound skeletons (D:7)
  A worker ant zombie (D:6)
  3 gnolls (D:6)
  6 adders
  A shadow imp (D:7)
  2 oozes
  3 adder skeletons
  2 worms
  A dart slug (D:1)
  4 leopard geckos
  13 orcs
  9 bats
  A giant cockroach (D:1)
  7 goblins
  4 hobgoblins
  8 jackals
  6 quokkas
  6 frilled lizards
  7 kobolds
  A quokka skeleton (D:5)
  7 rats
128 creatures vanquished.

Vanquished Creatures (others)
  A bat (D:3)
1 creature vanquished.

Grand Total: 129 creatures vanquished

Notes
Turn   | Place    | Note
-------+----------+-------------------------------------------
     0 | D:1      | Fang the Gargoyle Berserker began the quest for the Orb.
     0 | D:1      | Reached XP level 1. HP: 14/14 MP: 1/1
   246 | D:1      | Reached XP level 2. HP: 19/19 MP: 2/2
   407 | D:1      | Reached skill level 3 in Axes
   972 | D:2      | Reached XP level 3. HP: 21/24 MP: 3/3
  1109 | D:2      | Reached XP level 4. HP: 25/29 MP: 4/4
  1171 | D:2      | Found a basalt altar of Yredelemnul.
  1180 | D:2      | Found an ornate altar of the Wu Jian Council.
  1214 | D:2      | Found a radiant altar of Vehumet.
  1214 | D:2      | Found a burning altar of Makhleb.
  1270 | D:2      | Reached ** piety under Trog
  1470 | D:3      | Found a shattered altar of Ashenzari.
  1487 | D:3      | Reached XP level 5. HP: 8/33 MP: 5/5
  1762 | D:3      | Noticed an ogre
  1770 | D:3      | Killed an ogre
  1770 | D:3      | Reached skill level 4 in Axes
  1770 | D:3      | Reached skill level 1 in Stealth
  2087 | D:3      | Reached XP level 6. HP: 8/39 MP: 6/6
  2932 | D:4      | Found a sacrificial altar of Ru.
  2935 | D:4      | Reached *** piety under Trog
  2971 | D:4      | Reached skill level 5 in Axes
  3189 | D:4      | Reached XP level 7. HP: 40/44 MP: 7/7
  3317 | D:4      | Found a staircase to the Ecumenical Temple.
  3389 | D:4      | Found a white marble altar of Elyvilon.
  3409 | Temple   | Entered the Ecumenical Temple
  3676 | D:4      | Found an ancient bone altar of Kikubaaqudgha.
  3685 | D:4      | Found a hide-covered altar of Uskayaw.
  3842 | D:5      | Entered Level 5 of the Dungeon
  4463 | D:5      | Found Vucrucij's Gadget Shop.
  4542 | D:5      | Reached skill level 6 in Axes
  4625 | D:5      | Found a glowing golden altar of the Shining One.
  4781 | D:5      | Reached skill level 5 in Fighting
  4987 | D:6      | Reached XP level 8. HP: 49/49 MP: 8/8
  5046 | D:6      | Found Tilocisk's Gadget Emporium.
  5157 | D:6      | Found Zakash's Armour Shoppe.
  5169 | D:6      | Reached **** piety under Trog
  5416 | D:6      | Found Enaadose's Jewellery Emporium.
  5418 | D:6      | Reached skill level 7 in Axes
  5556 | D:6      | Found Eharer's Armour Boutique.
  5620 | D:6      | Found Qefaevit's Gadget Shop.
  6113 | D:7      | HP: 2/75 [orc warrior/halberd (17)]
  6117 | D:7      | Reached XP level 9. HP: 2/54 MP: 9/9
  6487 | D:7      | Engulfed by a steam dragon's steam

Skill      XL: |  1  2  3  4  5  6  7  8 |
---------------+-------------------------+-----
Axes           | 3 4 5 6 7 |  7.8
Dodging        | 2 3 4 |  4.6
Fighting       | 4 5 |  5.8
Stealth        | 1 2 4 |  4.7
Armour         | 3 |  3.9

Action                   |  1- 3 |  4- 6 |  7- 9 || total
-------------------------+-------+-------+-------++-------
Melee: Hand axe          |    76 |   128 |   188 ||   392
Invok: Berserk           |       |     5 |     5 ||    10
  Use: Scroll            |       |       |    19 ||    19
 Stab: Sleeping          |       |     2 |     7 ||     9
  Eat: Chunk             |       |    12 |     7 ||    19
       Ration            |       |       |     2 ||     2
Armor: Animal skin       |    36 |    41 |    43 ||   120
       Scale mail        |       |       |    27 ||    27
Dodge: Dodged            |    68 |    81 |   100 ||   249
